Blackhawks vs Capitals
Created - April 17, 2023 at 19:02
Goals
|
Blackhawks |
0 |
3 |
2 |
5 |
Capitals |
0 |
2 |
0 |
2 |
|
Shots
|
Blackhawks |
1 |
12 |
12 |
25 |
Capitals |
9 |
16 |
12 |
37 |
|
1st period
No Goal
Penalties :
Jakob Silfverberg (Chi) for Hooking (Minor) at 3:12, Nick Bonino (Chi) for Holding (Minor) at 12:41
2nd period
1. Capitals , Patrick Kane 31 (Nicklas Backstrom 39, Taylor Hall 37) at 8:15
2. Blackhawks , Jakob Silfverberg 29 (Johnny Gaudreau 50, Jordan Staal 45) at 11:20
3. Blackhawks , Antoine Roussel 23 (Radko Gudas 21, Corey Perry 18) at 12:19 (PP)
4. Capitals , Taylor Hall 23 (Nicklas Backstrom 40, Mike Green 21) at 12:46
5. Blackhawks , Jordan Staal 21 (Johnny Gaudreau 51, Petter Granberg 4) at 16:08
Penalties :
Blake Pietila (Was) for Tripping (Minor) at 2:43, Nicklas Backstrom (Was) for Boarding (Minor) at 12:10
3rd period
6. Blackhawks , Antoine Roussel 24 (Petter Granberg 5, Robert Hagg 6) at 13:57
7. Blackhawks , Johnny Gaudreau 40 (Jordan Staal 46, Jakob Silfverberg 39) at 14:15
Penalties :
Calvin de Haan (Chi) for Holding (Minor) at 1:25, Patrick Kane (Was) for Interference (Minor) at 5:35, Taylor Hall (Was) for Hooking (Minor) at 19:55, Jakob Silfverberg (Chi) for Goalie Interference (Minor) at 19:56
Goalie Stats
Tuukka Rask (Chi), 35 saves from 37 shots - (0.946), W, 29-28-4, 60:00 minutes
Chet Pickard (Was), 20 saves from 25 shots - (0.800), L, 13-5-4, 60:00 minutes
Players Stats for Blackhawks
Player Name G A P +/- PIM S H SB GA TA FO MP PP MP PK MP
------------------------------------------------------------------------------------
Antoine Roussel 2 0 2 1 0 3 3 0 0 2 0/0 20:03 1:40 1:57
Ben Harpur 0 0 0 0 0 0 0 1 0 0 0/0 2:54 0:00 0:00
Brett Maclean 0 0 0 0 0 1 0 0 0 0 0/1 13:13 0:00 0:17
Calvin de Haan 0 0 0 1 2 1 2 0 0 0 0/0 17:54 1:12 1:48
Corey Perry 0 1 1 1 0 1 1 0 1 1 1/2 19:19 1:40 1:03
Derek Roy 0 0 0 1 0 1 3 0 0 0 7/18 19:53 1:40 1:44
Frederik Gauthier 0 0 0 0 0 0 0 0 0 0 0/1 3:47 0:00 0:00
Jakob Silfverberg 1 1 2 1 4 3 3 0 0 0 1/1 22:40 2:27 0:00
Jamie McBain 0 0 0 -1 0 1 1 0 0 1 0/0 28:15 2:56 3:23
Johnny Gaudreau 1 2 3 1 0 6 0 2 0 0 2/4 26:02 2:28 3:28
Jordan Staal 1 2 3 1 0 2 6 1 1 1 16/40 23:18 2:28 3:25
Mats Zuccarello 0 0 0 0 0 0 1 0 0 0 0/0 12:56 0:00 0:00
Nick Bonino 0 0 0 0 2 2 1 0 0 0 2/5 12:41 0:00 0:00
Petter Granberg 0 2 2 2 0 0 2 1 0 0 0/0 13:55 0:00 0:46
Radko Gudas 0 1 1 -1 0 3 0 2 0 0 0/0 25:21 2:56 3:23
Raphael Diaz 0 0 0 1 0 0 2 0 0 1 0/0 19:01 1:12 2:34
Robert Hagg 0 1 1 2 0 1 0 0 0 0 0/0 12:44 0:00 0:00
Tanner Richard 0 0 0 0 0 0 0 0 0 0 0/0 0:00 0:00 0:00
Players Stats for Capitals
Player Name G A P +/- PIM S H SB GA TA FO MP PP MP PK MP
------------------------------------------------------------------------------------
Alexei Marchenko 0 0 0 0 0 1 0 2 0 0 0/0 19:43 2:40 1:04
Ben Hutton 0 0 0 0 0 0 2 0 0 0 0/0 11:26 0:00 0:00
Blake Pietila 0 0 0 -1 2 3 2 0 0 0 0/0 18:42 2:36 1:09
Cody Hodgson 0 0 0 -1 0 3 0 0 2 0 6/12 18:17 2:36 0:46
Eric Wellwood 0 0 0 -1 0 1 0 0 0 0 0/0 8:36 0:15 0:46
Jared Spurgeon 0 0 0 0 0 0 0 1 0 0 0/0 11:26 0:00 0:00
Jeff Skinner 0 0 0 0 0 2 3 0 0 0 1/1 10:18 0:00 0:04
Joe Colborne 0 0 0 0 0 2 1 0 0 0 6/8 11:05 0:18 0:30
Mike Green 0 1 1 -2 0 2 1 1 0 1 0/0 28:51 3:17 3:04
Nail Yakupov 0 0 0 -1 0 1 2 1 2 0 0/0 7:57 0:15 0:00
Nicklas Backstrom 0 2 2 0 2 1 1 0 0 0 21/34 20:07 3:03 0:00
Nikita Zaitsev 0 0 0 0 0 2 0 1 1 0 0/0 19:43 2:40 1:04
Patrick Kane 1 0 1 0 2 9 3 1 1 0 1/2 22:23 3:06 1:43
Phil Kessel 0 0 0 -1 0 2 0 0 0 0 2/3 17:31 2:36 0:00
PK Subban 0 0 0 -2 0 1 0 3 0 0 0/0 28:51 3:17 3:04
Sergey Kalinin 0 0 0 -1 0 1 1 0 0 1 5/10 10:30 0:00 2:52
Taylor Hall 1 1 2 0 2 5 0 1 0 0 1/2 20:10 3:06 0:00
Tyler Kennedy 0 0 0 0 0 1 1 0 0 0 0/0 10:09 0:00 0:26
3 Stars
1 - Jordan Staal (Chi)
2 - Antoine Roussel (Chi)
3 - Johnny Gaudreau (Chi)
Power Play
Blackhawks - 1 on 4 Attempt(s) - 25.00%
Capitals - 0 on 4 Attempt(s) - 0.00%
Penalty Kill
Blackhawks - 4 on 4 Attempt(s) - 100.00%
- Score 0 goal in Penalty Kill
Capitals - 3 on 4 Attempt(s) - 75.00%
- Score 0 goal in Penalty Kill
Team Stat
Blackhawks - Hits : 25 - Faceoff Wins : 29 - Blocked Shots : 7 - Penalty Minutes : 8
Capitals - Hits : 17 - Faceoff Wins : 43 - Blocked Shots : 11 - Penalty Minutes : 8
Official
Referees : Dean Morton and Mitch Dunning
Linesman : Kory Nagy and Scott Cherrey
Game Notes
No Game Note
Finance
Level 1 -- Attendance: 5717 (95.28%) -- Ticket Income $571,700
Level 2 -- Attendance: 4781 (95.62%) -- Ticket Income $286,860
Level 3 -- Attendance: 2000 (100.00%) -- Ticket Income $70,000
Level 4 -- Attendance: 4000 (100.00%) -- Ticket Income $100,000
Luxury Box -- Attendance: 1000 (100.00%) -- Ticket Income $200,000
Game was played at the Capital One Arena.
Total Attendance: 17498 (97.21%)
Total Ticket Income: $1,228,560
Other Income: $184,284
Total Income: $1,412,844
Blackhawks
5 vs 5 Forward
Center Left Wing Right Wing Time % Phy DF OF
1 Jordan Staal Johnny Gaudreau Jakob Silfverberg 40 1 2 2
2 Derek Roy Antoine Roussel Corey Perry 30 1 2 2
3 Nick Bonino Brett Maclean Mats Zuccarello 20 1 2 2
4 Frederik Gauthier Johnny Gaudreau Jakob Silfverberg 10 1 2 2
5 vs 5 Defense
Defense Defense Time % Phy DF OF
1 Jamie McBain Radko Gudas 40 1 2 2
2 Raphael Diaz Calvin de Haan 30 1 2 2
3 Petter Granberg Robert Hagg 20 1 2 2
4 Ben Harpur Jamie McBain 10 1 2 2
PowerPlay Forward
Center Left Wing Right Wing Time % Phy DF OF
1 Jordan Staal Johnny Gaudreau Jakob Silfverberg 60 1 2 2
2 Derek Roy Antoine Roussel Corey Perry 40 1 2 2
PowerPlay Defense
Defense Defense Time % Phy DF OF
1 Jamie McBain Radko Gudas 60 1 2 2
2 Raphael Diaz Calvin de Haan 40 1 2 2
Penalty Kill 4 Players Forward
Center Wing Time % Phy DF OF
1 Jordan Staal Johnny Gaudreau 60 1 2 2
2 Derek Roy Antoine Roussel 40 1 2 2
Penalty Kill 4 Players Defense
Defense Defense Time % Phy DF OF
1 Jamie McBain Radko Gudas 60 1 2 2
2 Raphael Diaz Calvin de Haan 40 1 2 2
Penalty Kill - 3 Players Forward
Forward Time % Phy DF OF
1 Jordan Staal 60 1 2 2
2 Derek Roy 40 1 2 2
Penalty Kill - 3 Players Defense
Defense Defense Time % Phy DF OF
1 Jamie McBain Radko Gudas 60 1 2 2
2 Raphael Diaz Calvin de Haan 40 1 2 2
4 vs 4 Forward
Center Wing Time % Phy DF OF
1 Jordan Staal Johnny Gaudreau 60 1 2 2
2 Derek Roy Antoine Roussel 40 1 2 2
4 vs 4 Defense
Defense Defense Time % Phy DF OF
1 Jamie McBain Radko Gudas 60 1 2 2
2 Raphael Diaz Calvin de Haan 40 1 2 2
Last Minutes Offensive
Center Left Wing Right Wing Defense Defense
Jordan Staal Johnny Gaudreau Jakob Silfverberg Jamie McBain Radko Gudas
Last Minutes Defensive
Center Left Wing Right Wing Defense Defense
Jordan Staal Johnny Gaudreau Jakob Silfverberg Jamie McBain Radko Gudas
Goaltenders
Starting : Tuukka Rask
Backup : Joe Cannata
Extra Forwards
Normal : Corey Perry, Derek Roy, Mats Zuccarello - PP : Corey Perry, Derek Roy - PK : Corey Perry
Extra Defensemen
Normal : Petter Granberg, Robert Hagg, Ben Harpur - PP : Petter Granberg - PK : Petter Granberg, Robert Hagg
Penalty Shots
Johnny Gaudreau, Jakob Silfverberg, Antoine Roussel, Jordan Staal, Corey Perry
Scratches
James Wright (Fractured Left Foot Injury), Mike Amadio (Strained Left Knee Injury)
Capitals
5 vs 5 Forward
Center Left Wing Right Wing Time % Phy DF OF
1 Nicklas Backstrom Taylor Hall Patrick Kane 35 0 0 5
2 Cody Hodgson Blake Pietila Phil Kessel 30 0 0 5
3 Joe Colborne Jeff Skinner Tyler Kennedy 20 0 1 4
4 Sergey Kalinin Eric Wellwood Nail Yakupov 15 0 2 3
5 vs 5 Defense
Defense Defense Time % Phy DF OF
1 PK Subban Mike Green 40 0 2 3
2 Alexei Marchenko Nikita Zaitsev 30 0 2 3
3 Ben Hutton Jared Spurgeon 20 0 2 3
4 PK Subban Mike Green 10 0 2 3
PowerPlay Forward
Center Left Wing Right Wing Time % Phy DF OF
1 Nicklas Backstrom Taylor Hall Patrick Kane 60 0 0 5
2 Cody Hodgson Blake Pietila Phil Kessel 40 0 0 5
PowerPlay Defense
Defense Defense Time % Phy DF OF
1 PK Subban Mike Green 60 0 1 4
2 Alexei Marchenko Nikita Zaitsev 40 0 2 3
Penalty Kill 4 Players Forward
Center Wing Time % Phy DF OF
1 Sergey Kalinin Patrick Kane 60 0 4 1
2 Joe Colborne Tyler Kennedy 40 0 4 1
Penalty Kill 4 Players Defense
Defense Defense Time % Phy DF OF
1 PK Subban Mike Green 60 0 4 1
2 Alexei Marchenko Nikita Zaitsev 40 0 4 1
Penalty Kill - 3 Players Forward
Forward Time % Phy DF OF
1 Patrick Kane 60 0 5 0
2 Sergey Kalinin 40 0 5 0
Penalty Kill - 3 Players Defense
Defense Defense Time % Phy DF OF
1 PK Subban Mike Green 60 0 5 0
2 Alexei Marchenko Nikita Zaitsev 40 0 5 0
4 vs 4 Forward
Center Wing Time % Phy DF OF
1 Patrick Kane Taylor Hall 60 0 0 5
2 Nicklas Backstrom Cody Hodgson 40 0 0 5
4 vs 4 Defense
Defense Defense Time % Phy DF OF
1 PK Subban Mike Green 60 0 2 3
2 Alexei Marchenko Nikita Zaitsev 40 0 2 3
Last Minutes Offensive
Center Left Wing Right Wing Defense Defense
Nicklas Backstrom Taylor Hall Patrick Kane PK Subban Mike Green
Last Minutes Defensive
Center Left Wing Right Wing Defense Defense
Sergey Kalinin Blake Pietila Patrick Kane PK Subban Alexei Marchenko
Goaltenders
Starting : Chet Pickard
Backup : Cory Schneider
Extra Forwards
Normal : Patrick Kane, Taylor Hall, Nicklas Backstrom - PP : Taylor Hall, Patrick Kane - PK : Patrick Kane
Extra Defensemen
Normal : PK Subban, Mike Green, Alexei Marchenko - PP : PK Subban - PK : Alexei Marchenko, Nikita Zaitsev
Penalty Shots
Cody Hodgson, Taylor Hall, Patrick Kane, Phil Kessel, Nail Yakupov
Scratches
Brian Ferlin (Healthy)
% Time on Ice - Blackhawks
Lines # - Real PCT - Wanted PCT - Time Play
Normal Forward
1 - 35% - 40% - 17:27
2 - 32% - 30% - 16:01
3 - 25% - 20% - 12:37
4 - 8% - 10% - 3:47
Normal Defense
1 - 38% - 40% - 18:59
2 - 31% - 30% - 15:15
3 - 26% - 20% - 12:44
4 - 6% - 10% - 2:54
PP Forward
1 - 60% - 60% - 2:28
2 - 40% - 40% - 1:40
PP Defense
1 - 71% - 60% - 2:56
2 - 29% - 40% - 1:12
PK Forward
1 - 71% - 60% - 4:13
2 - 29% - 40% - 1:44
PK Defense
1 - 57% - 60% - 3:23
2 - 43% - 40% - 2:34
PK3 Forward
1 - 0% - 60%
2 - 0% - 40%
PK3 Defense
1 - 0% - 60%
2 - 0% - 40%
44 Forward
1 - 100% - 60% - 0:03
2 - 0% - 40% - 0:00
44 Defense
1 - 100% - 60% - 0:03
2 - 0% - 40% - 0:00
Last Minute Offensive - 0:00
Last Minute Defensive - 0:00
Total
Forward - 60:00
Defense - 60:00
|
% Time on Ice - Capitals
Lines # - Real PCT - Wanted PCT - Time Play
Normal Forward
1 - 35% - 35% - 17:39
2 - 30% - 30% - 14:55
3 - 19% - 20% - 9:43
4 - 15% - 15% - 7:35
Normal Defense
1 - 40% - 40% - 20:04
2 - 32% - 30% - 15:59
3 - 23% - 20% - 11:26
4 - 5% - 10% - 2:23
PP Forward
1 - 56% - 60% - 3:21
2 - 44% - 40% - 2:36
PP Defense
1 - 55% - 60% - 3:17
2 - 45% - 40% - 2:40
PK Forward
1 - 90% - 60% - 3:42
2 - 10% - 40% - 0:26
PK Defense
1 - 74% - 60% - 3:04
2 - 26% - 40% - 1:04
PK3 Forward
1 - 0% - 60%
2 - 0% - 40%
PK3 Defense
1 - 0% - 60%
2 - 0% - 40%
44 Forward
1 - 100% - 60% - 0:03
2 - 0% - 40% - 0:00
44 Defense
1 - 100% - 60% - 0:03
2 - 0% - 40% - 0:00
Last Minute Offensive - 0:00
Last Minute Defensive - 0:00
Total
Forward - 60:00
Defense - 60:00
|
Play-by-Play
1st period
0:01 of 1st period - Nicklas Backstrom wins face-off versus Jordan Staal in neutral zone.
0:15 of 1st period - Off-side.
0:16 of 1st period - Derek Roy wins face-off versus Cody Hodgson in neutral zone.
0:19 of 1st period - Alexei Marchenko is hit by Derek Roy.
0:25 of 1st period - Icing by Blake Pietila.
0:26 of 1st period - Phil Kessel wins face-off versus Derek Roy in Capitals zone.
1:16 of 1st period - Snap shot by Derek Roy.
1:16 of 1st period - Shot Misses the Net.
2:15 of 1st period - Wrist shot by Phil Kessel.
2:15 of 1st period - Stopped by Tuukka Rask without a rebound.
2:16 of 1st period - Nicklas Backstrom wins face-off versus Jordan Staal in Blackhawks zone.
2:27 of 1st period - Snap shot by Johnny Gaudreau.
2:27 of 1st period - Shot Blocked by Patrick Kane.
2:29 of 1st period - Slapshot by Radko Gudas.
2:29 of 1st period - Stopped by Chet Pickard without a rebound.
2:30 of 1st period - Joe Colborne wins face-off versus Nick Bonino in Capitals zone.
2:55 of 1st period - Nicklas Backstrom is hit by Jakob Silfverberg and loses puck.
3:12 of 1st period - Minor Penalty to Jakob Silfverberg for Hooking.
3:13 of 1st period - Jordan Staal wins face-off versus Nicklas Backstrom in Blackhawks zone.
3:24 of 1st period - Wrist shot by Patrick Kane.
3:24 of 1st period - Shot Blocked by Johnny Gaudreau.
3:34 of 1st period - PK Subban is hit by Jordan Staal and loses puck.
3:51 of 1st period - PK Subban is hit by Jordan Staal and loses puck.
5:12 of 1st period - Penalty to Jakob Silfverberg is over, Jakob Silfverberg is back on ice.
5:35 of 1st period - Wrist shot by Eric Wellwood.
5:35 of 1st period - Deflect By Nail Yakupov.
5:35 of 1st period - Deflect By Petter Granberg.
5:35 of 1st period - Stopped by Tuukka Rask with a rebound.
5:55 of 1st period - Ben Harpur is hit by Jeff Skinner and loses puck.
7:52 of 1st period - Petter Granberg is hit by Tyler Kennedy and loses puck.
8:29 of 1st period - Derek Roy is hit by Patrick Kane.
8:58 of 1st period - Alexei Marchenko is hit by Antoine Roussel and loses puck.
9:22 of 1st period - Snap shot by Eric Wellwood.
9:22 of 1st period - Shot Misses the Net.
9:24 of 1st period - Slapshot by Nikita Zaitsev.
9:24 of 1st period - Shot Misses the Net.
9:46 of 1st period - Calvin de Haan is hit by Jeff Skinner and loses puck.
10:05 of 1st period - Corey Perry is hit by Ben Hutton and loses puck.
10:12 of 1st period - Snap shot by Nicklas Backstrom.
10:12 of 1st period - Shot Misses the Net.
10:14 of 1st period - Slapshot by Mike Green.
10:14 of 1st period - Stopped by Tuukka Rask with a rebound.
10:16 of 1st period - Slapshot by Mike Green.
10:16 of 1st period - Shot Misses the Net.
10:23 of 1st period - Icing by Robert Hagg.
10:24 of 1st period - Derek Roy wins face-off versus Phil Kessel in Blackhawks zone.
10:24 of 1st period - Derek Roy is hit by Blake Pietila.
11:30 of 1st period - Johnny Gaudreau is hit by Nail Yakupov and loses puck.
12:41 of 1st period - Minor Penalty to Nick Bonino for Holding.
12:42 of 1st period - Nicklas Backstrom wins face-off versus Jordan Staal in Blackhawks zone.
12:42 of 1st period - Snap shot by Taylor Hall.
12:42 of 1st period - Shot Misses the Net.
12:44 of 1st period - Snap shot by Taylor Hall.
12:44 of 1st period - Stopped by Tuukka Rask with a rebound.
12:46 of 1st period - Wrist shot by Patrick Kane.
12:46 of 1st period - Stopped by Tuukka Rask with a rebound.
12:48 of 1st period - Wrist shot by Patrick Kane.
12:48 of 1st period - Shot Blocked by Jordan Staal.
12:50 of 1st period - Slapshot by Mike Green.
12:50 of 1st period - Shot Blocked by Johnny Gaudreau.
12:52 of 1st period - Snap shot by Patrick Kane.
12:52 of 1st period - Stopped by Tuukka Rask with a rebound.
14:32 of 1st period - Cody Hodgson is hit by Antoine Roussel and loses puck.
14:41 of 1st period - Penalty to Nick Bonino is over, Nick Bonino is back on ice.
15:33 of 1st period - Frederik Gauthier is hit by Ben Hutton and loses puck.
15:39 of 1st period - Icing by Jamie McBain.
15:40 of 1st period - Nicklas Backstrom wins face-off versus Frederik Gauthier in Blackhawks zone.
15:43 of 1st period - Snap shot by Patrick Kane.
15:43 of 1st period - Stopped by Tuukka Rask without a rebound.
15:44 of 1st period - Nicklas Backstrom wins face-off versus Derek Roy in Blackhawks zone.
16:46 of 1st period - Slapshot by Joe Colborne.
16:46 of 1st period - Stopped by Tuukka Rask without a rebound.
16:47 of 1st period - Joe Colborne wins face-off versus Derek Roy in Blackhawks zone.
16:50 of 1st period - Slapshot by Joe Colborne.
16:50 of 1st period - Shot Misses the Net.
17:37 of 1st period - Wrist shot by Mike Green.
17:37 of 1st period - Shot Misses the Net.
18:08 of 1st period - Off-side.
18:09 of 1st period - Jordan Staal wins face-off versus Nicklas Backstrom in neutral zone.
18:34 of 1st period - Jamie McBain is hit by Blake Pietila and loses puck.
18:43 of 1st period - Snap shot by Blake Pietila.
18:43 of 1st period - Stopped by Tuukka Rask with a rebound.
19:01 of 1st period - Ben Hutton is hit by Calvin de Haan and loses puck.
19:07 of 1st period - Icing by Tyler Kennedy.
19:08 of 1st period - Jordan Staal wins face-off versus Joe Colborne in Capitals zone.
19:13 of 1st period - Wrist shot by Jakob Silfverberg.
19:13 of 1st period - Shot Misses the Net.
19:46 of 1st period - Jamie McBain is hit by Patrick Kane and loses puck.
Goals for this period are 0 for Blackhawks vs 0 for Capitals.
Shots for this period are 1 for Blackhawks vs 9 for Capitals.
2nd period
0:01 of 2nd period - Nicklas Backstrom wins face-off versus Jordan Staal in neutral zone.
0:04 of 2nd period - Snap shot by Patrick Kane.
0:04 of 2nd period - Stopped by Tuukka Rask without a rebound.
0:05 of 2nd period - Nicklas Backstrom wins face-off versus Jordan Staal in Blackhawks zone.
0:08 of 2nd period - Wrist shot by Taylor Hall.
0:08 of 2nd period - Shot Misses the Net.
0:12 of 2nd period - Slapshot by Patrick Kane.
0:12 of 2nd period - Shot Misses the Net.
0:53 of 2nd period - Icing by Antoine Roussel.
0:54 of 2nd period - Joe Colborne wins face-off versus Derek Roy in Blackhawks zone.
1:16 of 2nd period - Icing by Corey Perry.
1:17 of 2nd period - Jordan Staal wins face-off versus Nicklas Backstrom in Blackhawks zone.
1:30 of 2nd period - Slapshot by Jordan Staal.
1:30 of 2nd period - Shot Misses the Net.
1:32 of 2nd period - Slapshot by Radko Gudas.
1:32 of 2nd period - Shot Misses the Net.
1:34 of 2nd period - Wrist shot by Jamie McBain.
1:34 of 2nd period - Shot Blocked by PK Subban.
1:44 of 2nd period - Nicklas Backstrom is hit by Nick Bonino and loses puck.
2:05 of 2nd period - PK Subban is hit by Derek Roy and loses puck.
2:13 of 2nd period - Off-side.
2:14 of 2nd period - Cody Hodgson wins face-off versus Jordan Staal in neutral zone.
2:19 of 2nd period - Wrist shot by Blake Pietila.
2:19 of 2nd period - Stopped by Tuukka Rask without a rebound.
2:20 of 2nd period - Cody Hodgson wins face-off versus Jordan Staal in Blackhawks zone.
2:23 of 2nd period - Snap shot by Phil Kessel.
2:23 of 2nd period - Stopped by Tuukka Rask with a rebound.
2:35 of 2nd period - Snap shot by Cody Hodgson.
2:35 of 2nd period - Shot Misses the Net.
2:43 of 2nd period - Minor Penalty to Blake Pietila for Tripping.
2:44 of 2nd period - Jordan Staal wins face-off versus Sergey Kalinin in Capitals zone.
2:56 of 2nd period - Wrist shot by Johnny Gaudreau.
2:56 of 2nd period - Stopped by Chet Pickard with a rebound.
2:58 of 2nd period - Snap shot by Johnny Gaudreau.
2:58 of 2nd period - Deflect By Jakob Silfverberg.
2:58 of 2nd period - Shot Misses the Net.
2:58 of 2nd period - Puck is out of play.
2:59 of 2nd period - Sergey Kalinin wins face-off versus Jordan Staal in Capitals zone.
3:08 of 2nd period - Mike Green is hit by Jordan Staal and loses puck.
3:38 of 2nd period - Icing by Derek Roy.
3:39 of 2nd period - Joe Colborne wins face-off versus Corey Perry in Blackhawks zone.
3:40 of 2nd period - Snap shot by Tyler Kennedy.
3:40 of 2nd period - Shot Misses the Net.
3:56 of 2nd period - Snap shot by Antoine Roussel.
3:56 of 2nd period - Shot Misses the Net.
3:58 of 2nd period - Wrist shot by Derek Roy.
3:58 of 2nd period - Deflect By Corey Perry.
3:58 of 2nd period - Shot Blocked by Nikita Zaitsev.
3:58 of 2nd period - Puck is out of play.
3:59 of 2nd period - Sergey Kalinin wins face-off versus Jordan Staal in Capitals zone.
4:08 of 2nd period - Snap shot by Patrick Kane.
4:08 of 2nd period - Stopped by Tuukka Rask without a rebound.
4:09 of 2nd period - Jakob Silfverberg wins face-off versus Sergey Kalinin in Blackhawks zone.
4:16 of 2nd period - Mike Green is hit by Jakob Silfverberg.
4:40 of 2nd period - Slapshot by Patrick Kane.
4:40 of 2nd period - Shot Misses the Net.
4:43 of 2nd period - Penalty to Blake Pietila is over, Blake Pietila is back on ice.
4:45 of 2nd period - Icing by Johnny Gaudreau.
4:46 of 2nd period - Johnny Gaudreau wins face-off versus Cody Hodgson in Blackhawks zone.
5:21 of 2nd period - Wrist shot by Jeff Skinner.
5:21 of 2nd period - Stopped by Tuukka Rask with a rebound.
6:22 of 2nd period - Phil Kessel is hit by Jakob Silfverberg and loses puck.
6:39 of 2nd period - Icing by Phil Kessel.
6:40 of 2nd period - Joe Colborne wins face-off versus Brett Maclean in Capitals zone.
7:09 of 2nd period - Slapshot by Nicklas Backstrom.
7:09 of 2nd period - Shot Blocked by Petter Granberg.
7:39 of 2nd period - Slapshot by PK Subban.
7:39 of 2nd period - Stopped by Tuukka Rask without a rebound.
7:40 of 2nd period - Nick Bonino wins face-off versus Sergey Kalinin in Blackhawks zone.
7:40 of 2nd period - Nick Bonino is hit by Sergey Kalinin.
8:06 of 2nd period - Taylor Hall is hit by Jordan Staal and loses puck.
8:15 of 2nd period - Wrist shot by Patrick Kane.
8:15 of 2nd period - Goal by Patrick Kane - Blackhawks : 0 - Capitals : 1.
8:16 of 2nd period - Nicklas Backstrom wins face-off versus Jordan Staal in neutral zone.
9:17 of 2nd period - Slapshot by Brett Maclean.
9:17 of 2nd period - Deflect By Nick Bonino.
9:17 of 2nd period - Shot Blocked by Mike Green.
9:17 of 2nd period - Puck is out of play.
9:18 of 2nd period - Johnny Gaudreau wins face-off versus Nicklas Backstrom in Capitals zone.
9:45 of 2nd period - Alexei Marchenko is hit by Antoine Roussel and loses puck.
10:13 of 2nd period - Slapshot by Jamie McBain.
10:13 of 2nd period - Stopped by Chet Pickard without a rebound.
10:14 of 2nd period - Nicklas Backstrom wins face-off versus Nick Bonino in Capitals zone.
10:42 of 2nd period - Slapshot by Jamie McBain.
10:42 of 2nd period - Shot Misses the Net.
10:44 of 2nd period - Snap shot by Johnny Gaudreau.
10:44 of 2nd period - Stopped by Chet Pickard with a rebound.
10:46 of 2nd period - Wrist shot by Jordan Staal.
10:46 of 2nd period - Shot Blocked by PK Subban.
11:16 of 2nd period - Wrist shot by Antoine Roussel.
11:16 of 2nd period - Stopped by Chet Pickard without a rebound.
11:17 of 2nd period - Jordan Staal wins face-off versus Nicklas Backstrom in Capitals zone.
11:20 of 2nd period - Wrist shot by Jakob Silfverberg.
11:20 of 2nd period - Goal by Jakob Silfverberg - Blackhawks : 1 - Capitals : 1.
11:21 of 2nd period - Nicklas Backstrom wins face-off versus Jordan Staal in neutral zone.
11:24 of 2nd period - Snap shot by Patrick Kane.
11:24 of 2nd period - Stopped by Tuukka Rask without a rebound.
11:25 of 2nd period - Nicklas Backstrom wins face-off versus Jordan Staal in Blackhawks zone.
11:26 of 2nd period - Wrist shot by Patrick Kane.
11:26 of 2nd period - Shot Misses the Net.
11:29 of 2nd period - Icing by Jamie McBain.
11:30 of 2nd period - Nicklas Backstrom wins face-off versus Jordan Staal in Blackhawks zone.
11:45 of 2nd period - Wrist shot by Patrick Kane.
11:45 of 2nd period - Shot Blocked by Radko Gudas.
11:59 of 2nd period - Snap shot by Johnny Gaudreau.
11:59 of 2nd period - Deflect By Jakob Silfverberg.
11:59 of 2nd period - Stopped by Chet Pickard with a rebound.
12:01 of 2nd period - Snap shot by Jordan Staal.
12:01 of 2nd period - Shot Misses the Net.
12:03 of 2nd period - Snap shot by Jakob Silfverberg.
12:03 of 2nd period - Shot Blocked by Taylor Hall.
12:05 of 2nd period - Slapshot by Jamie McBain.
12:05 of 2nd period - Shot Misses the Net.
12:10 of 2nd period - Minor Penalty to Nicklas Backstrom for Boarding.
12:11 of 2nd period - Derek Roy wins face-off versus Sergey Kalinin in Capitals zone.
12:17 of 2nd period - Snap shot by Antoine Roussel.
12:17 of 2nd period - Shot Misses the Net.
12:19 of 2nd period - Snap shot by Radko Gudas.
12:19 of 2nd period - Deflect By Antoine Roussel.
12:19 of 2nd period - Goal by Antoine Roussel - Blackhawks : 2 - Capitals : 1.
12:20 of 2nd period - Jordan Staal wins face-off versus Nicklas Backstrom in neutral zone.
12:32 of 2nd period - Off-side.
12:33 of 2nd period - Jordan Staal wins face-off versus Taylor Hall in neutral zone.
12:46 of 2nd period - Wrist shot by Taylor Hall.
12:46 of 2nd period - Goal by Taylor Hall - Blackhawks : 2 - Capitals : 2.
12:47 of 2nd period - Nicklas Backstrom wins face-off versus Jordan Staal in neutral zone.
13:02 of 2nd period - Slapshot by Nicklas Backstrom.
13:02 of 2nd period - Shot Misses the Net.
13:04 of 2nd period - Snap shot by Taylor Hall.
13:04 of 2nd period - Stopped by Tuukka Rask without a rebound.
13:05 of 2nd period - Cody Hodgson wins face-off versus Derek Roy in Blackhawks zone.
13:22 of 2nd period - Wrist shot by Antoine Roussel.
13:22 of 2nd period - Deflect By Cody Hodgson.
13:22 of 2nd period - Shot Misses the Net.
13:22 of 2nd period - Puck is out of play.
13:23 of 2nd period - Nicklas Backstrom wins face-off versus Johnny Gaudreau in Capitals zone.
13:59 of 2nd period - Snap shot by Radko Gudas.
13:59 of 2nd period - Stopped by Chet Pickard with a rebound.
14:01 of 2nd period - Snap shot by Jamie McBain.
14:01 of 2nd period - Shot Blocked by Alexei Marchenko.
14:11 of 2nd period - Brett Maclean is hit by Joe Colborne and loses puck.
14:54 of 2nd period - Off-side.
14:55 of 2nd period - Nicklas Backstrom wins face-off versus Derek Roy in neutral zone.
14:58 of 2nd period - Derek Roy is hit by Patrick Kane and loses puck.
16:00 of 2nd period - Slapshot by Jordan Staal.
16:00 of 2nd period - Shot Misses the Net.
16:02 of 2nd period - Slapshot by Jakob Silfverberg.
16:02 of 2nd period - Stopped by Chet Pickard with a rebound.
16:04 of 2nd period - Snap shot by Petter Granberg.
16:04 of 2nd period - Shot Blocked by Nail Yakupov.
16:06 of 2nd period - Snap shot by Johnny Gaudreau.
16:06 of 2nd period - Shot Misses the Net.
16:08 of 2nd period - Snap shot by Jordan Staal.
16:08 of 2nd period - Goal by Jordan Staal - Blackhawks : 3 - Capitals : 2.
16:09 of 2nd period - Corey Perry wins face-off versus Nicklas Backstrom in neutral zone.
16:24 of 2nd period - Backhand shot by Derek Roy.
16:24 of 2nd period - Stopped by Chet Pickard without a rebound.
16:25 of 2nd period - Jordan Staal wins face-off versus Cody Hodgson in Capitals zone.
16:26 of 2nd period - Wrist shot by Johnny Gaudreau.
16:26 of 2nd period - Stopped by Chet Pickard with a rebound.
16:38 of 2nd period - Snap shot by Blake Pietila.
16:38 of 2nd period - Shot Misses the Net.
16:40 of 2nd period - Wrist shot by Phil Kessel.
16:40 of 2nd period - Deflect By Cody Hodgson.
16:40 of 2nd period - Stopped by Tuukka Rask without a rebound.
16:41 of 2nd period - Nicklas Backstrom wins face-off versus Derek Roy in Blackhawks zone.
16:42 of 2nd period - Wrist shot by Taylor Hall.
16:42 of 2nd period - Shot Misses the Net.
16:44 of 2nd period - Snap shot by Nicklas Backstrom.
16:44 of 2nd period - Shot Blocked by Radko Gudas.
16:46 of 2nd period - Slapshot by Nicklas Backstrom.
16:46 of 2nd period - Stopped by Tuukka Rask with a rebound.
16:48 of 2nd period - Snap shot by Patrick Kane.
16:48 of 2nd period - Deflect By Taylor Hall.
16:48 of 2nd period - Stopped by Tuukka Rask without a rebound.
16:49 of 2nd period - Nicklas Backstrom wins face-off versus Derek Roy in Blackhawks zone.
16:54 of 2nd period - Wrist shot by Taylor Hall.
16:54 of 2nd period - Shot Misses the Net.
16:58 of 2nd period - Wrist shot by Patrick Kane.
16:58 of 2nd period - Stopped by Tuukka Rask with a rebound.
17:02 of 2nd period - Snap shot by Patrick Kane.
17:02 of 2nd period - Stopped by Tuukka Rask with a rebound.
17:13 of 2nd period - Off-side.
17:14 of 2nd period - Jordan Staal wins face-off versus Cody Hodgson in neutral zone.
17:31 of 2nd period - Wrist shot by Cody Hodgson.
17:31 of 2nd period - Shot Misses the Net.
18:03 of 2nd period - Mike Green is hit by Corey Perry and loses puck.
18:53 of 2nd period - Slapshot by Blake Pietila.
18:53 of 2nd period - Stopped by Tuukka Rask without a rebound.
18:54 of 2nd period - Derek Roy wins face-off versus Nicklas Backstrom in Blackhawks zone.
19:44 of 2nd period - Phil Kessel is hit by Jordan Staal and loses puck.
Goals for this period are 3 for Blackhawks vs 2 for Capitals.
Shots for this period are 12 for Blackhawks vs 16 for Capitals.
3rd period
0:01 of 3rd period - Jordan Staal wins face-off versus Nicklas Backstrom in neutral zone.
0:31 of 3rd period - Wrist shot by Joe Colborne.
0:31 of 3rd period - Stopped by Tuukka Rask with a rebound.
0:41 of 3rd period - Wrist shot by Tyler Kennedy.
0:41 of 3rd period - Stopped by Tuukka Rask with a rebound.
0:55 of 3rd period - Snap shot by Nick Bonino.
0:55 of 3rd period - Stopped by Chet Pickard with a rebound.
0:57 of 3rd period - Snap shot by Nick Bonino.
0:57 of 3rd period - Stopped by Chet Pickard with a rebound.
0:59 of 3rd period - Slapshot by Radko Gudas.
0:59 of 3rd period - Shot Blocked by Alexei Marchenko.
1:01 of 3rd period - Wrist shot by Nick Bonino.
1:01 of 3rd period - Shot Misses the Net.
1:03 of 3rd period - Snap shot by Brett Maclean.
1:03 of 3rd period - Stopped by Chet Pickard without a rebound.
1:04 of 3rd period - Nicklas Backstrom wins face-off versus Jordan Staal in Capitals zone.
1:09 of 3rd period - Nicklas Backstrom is hit by Raphael Diaz and loses puck.
1:25 of 3rd period - Minor Penalty to Calvin de Haan for Holding.
1:26 of 3rd period - Nicklas Backstrom wins face-off versus Jordan Staal in Blackhawks zone.
1:58 of 3rd period - Snap shot by Cody Hodgson.
1:58 of 3rd period - Stopped by Tuukka Rask without a rebound.
1:59 of 3rd period - Cody Hodgson wins face-off versus Derek Roy in Blackhawks zone.
2:04 of 3rd period - Snap shot by Cody Hodgson.
2:04 of 3rd period - Stopped by Tuukka Rask without a rebound.
2:05 of 3rd period - Derek Roy wins face-off versus Nicklas Backstrom in Blackhawks zone.
2:41 of 3rd period - Slapshot by Mike Green.
2:41 of 3rd period - Stopped by Tuukka Rask with a rebound.
3:25 of 3rd period - Penalty to Calvin de Haan is over, Calvin de Haan is back on ice.
3:33 of 3rd period - Jeff Skinner is hit by Mats Zuccarello.
4:14 of 3rd period - Jeff Skinner is hit by Raphael Diaz and loses puck.
4:36 of 3rd period - Wrist shot by Patrick Kane.
4:36 of 3rd period - Deflect By Taylor Hall.
4:36 of 3rd period - Stopped by Tuukka Rask without a rebound.
4:37 of 3rd period - Derek Roy wins face-off versus Cody Hodgson in Blackhawks zone.
5:12 of 3rd period - Icing by Nicklas Backstrom.
5:13 of 3rd period - Jordan Staal wins face-off versus Nicklas Backstrom in Capitals zone.
5:14 of 3rd period - Wrist shot by Johnny Gaudreau.
5:14 of 3rd period - Stopped by Chet Pickard without a rebound.
5:15 of 3rd period - Jordan Staal wins face-off versus Nicklas Backstrom in Capitals zone.
5:35 of 3rd period - Minor Penalty to Patrick Kane for Interference.
5:36 of 3rd period - Sergey Kalinin wins face-off versus Jordan Staal in Capitals zone.
5:44 of 3rd period - Snap shot by Johnny Gaudreau.
5:44 of 3rd period - Stopped by Chet Pickard with a rebound.
5:46 of 3rd period - Slapshot by Radko Gudas.
5:46 of 3rd period - Stopped by Chet Pickard without a rebound.
5:47 of 3rd period - Sergey Kalinin wins face-off versus Jordan Staal in Capitals zone.
6:24 of 3rd period - Wrist shot by Corey Perry.
6:24 of 3rd period - Shot Misses the Net.
7:08 of 3rd period - PK Subban is hit by Jamie McBain and loses puck.
7:35 of 3rd period - Penalty to Patrick Kane is over, Patrick Kane is back on ice.
7:57 of 3rd period - Slapshot by Nikita Zaitsev.
7:57 of 3rd period - Stopped by Tuukka Rask with a rebound.
9:54 of 3rd period - Wrist shot by Jordan Staal.
9:54 of 3rd period - Deflect By Nail Yakupov.
9:54 of 3rd period - Stopped by Chet Pickard without a rebound.
9:55 of 3rd period - Cody Hodgson wins face-off versus Johnny Gaudreau in Capitals zone.
10:02 of 3rd period - Wrist shot by Phil Kessel.
10:02 of 3rd period - Shot Blocked by Ben Harpur.
10:38 of 3rd period - Raphael Diaz is hit by Nail Yakupov and loses puck.
11:15 of 3rd period - Slapshot by Calvin de Haan.
11:15 of 3rd period - Stopped by Chet Pickard without a rebound.
11:16 of 3rd period - Jeff Skinner wins face-off versus Derek Roy in Capitals zone.
11:16 of 3rd period - Jeff Skinner is hit by Petter Granberg.
12:44 of 3rd period - Icing by Derek Roy.
12:45 of 3rd period - Joe Colborne wins face-off versus Nick Bonino in Blackhawks zone.
12:52 of 3rd period - Wrist shot by Tyler Kennedy.
12:52 of 3rd period - Shot Misses the Net.
12:54 of 3rd period - Slapshot by Nikita Zaitsev.
12:54 of 3rd period - Stopped by Tuukka Rask with a rebound.
13:15 of 3rd period - Off-side.
13:16 of 3rd period - Cody Hodgson wins face-off versus Jordan Staal in neutral zone.
13:47 of 3rd period - Icing by Cody Hodgson.
13:48 of 3rd period - Derek Roy wins face-off versus Cody Hodgson in Capitals zone.
13:51 of 3rd period - Snap shot by Corey Perry.
13:51 of 3rd period - Shot Blocked by PK Subban.
13:53 of 3rd period - Slapshot by Robert Hagg.
13:53 of 3rd period - Stopped by Chet Pickard with a rebound.
13:55 of 3rd period - Slapshot by Petter Granberg.
13:55 of 3rd period - Shot Misses the Net.
13:57 of 3rd period - Slapshot by Antoine Roussel.
13:57 of 3rd period - Goal by Antoine Roussel - Blackhawks : 4 - Capitals : 2.
13:58 of 3rd period - Patrick Kane wins face-off versus Jordan Staal in neutral zone.
14:15 of 3rd period - Snap shot by Johnny Gaudreau.
14:15 of 3rd period - Goal by Johnny Gaudreau - Blackhawks : 5 - Capitals : 2.
14:16 of 3rd period - Jordan Staal wins face-off versus Nicklas Backstrom in neutral zone.
14:43 of 3rd period - Mike Green is hit by Derek Roy and loses puck.
14:52 of 3rd period - Snap shot by Cody Hodgson.
14:52 of 3rd period - Shot Misses the Net.
15:54 of 3rd period - Jordan Staal is hit by Mike Green and loses puck.
16:11 of 3rd period - Taylor Hall is hit by Petter Granberg and loses puck.
16:24 of 3rd period - Wrist shot by Brett Maclean.
16:24 of 3rd period - Shot Blocked by Jared Spurgeon.
16:40 of 3rd period - Derek Roy is hit by Jeff Skinner.
16:48 of 3rd period - Snap shot by Petter Granberg.
16:48 of 3rd period - Deflect By Derek Roy.
16:48 of 3rd period - Shot Misses the Net.
16:48 of 3rd period - Puck is out of play.
16:49 of 3rd period - Phil Kessel wins face-off versus Jordan Staal in Capitals zone.
17:26 of 3rd period - Slapshot by Corey Perry.
17:26 of 3rd period - Stopped by Chet Pickard without a rebound.
17:27 of 3rd period - Nick Bonino wins face-off versus Joe Colborne in Capitals zone.
17:28 of 3rd period - Wrist shot by Brett Maclean.
17:28 of 3rd period - Shot Misses the Net.
17:38 of 3rd period - Snap shot by Tyler Kennedy.
17:38 of 3rd period - Shot Misses the Net.
17:40 of 3rd period - Slapshot by Alexei Marchenko.
17:40 of 3rd period - Stopped by Tuukka Rask with a rebound.
17:42 of 3rd period - Snap shot by Jeff Skinner.
17:42 of 3rd period - Stopped by Tuukka Rask with a rebound.
17:52 of 3rd period - Nikita Zaitsev is hit by Jordan Staal and loses puck.
18:00 of 3rd period - Icing by Patrick Kane.
18:01 of 3rd period - Nicklas Backstrom wins face-off versus Jordan Staal in Capitals zone.
18:06 of 3rd period - Petter Granberg is hit by Nicklas Backstrom and loses puck.
19:07 of 3rd period - Snap shot by Sergey Kalinin.
19:07 of 3rd period - Stopped by Tuukka Rask with a rebound.
19:09 of 3rd period - Snap shot by Eric Wellwood.
19:09 of 3rd period - Stopped by Tuukka Rask without a rebound.
19:10 of 3rd period - Sergey Kalinin wins face-off versus Jordan Staal in Blackhawks zone.
19:38 of 3rd period - Off-side.
19:39 of 3rd period - Nicklas Backstrom wins face-off versus Derek Roy in neutral zone.
19:41 of 3rd period - PK Subban is hit by Calvin de Haan and loses puck.
19:46 of 3rd period - Wrist shot by Taylor Hall.
19:46 of 3rd period - Shot Misses the Net.
19:48 of 3rd period - Slapshot by Taylor Hall.
19:48 of 3rd period - Deflect By Nicklas Backstrom.
19:48 of 3rd period - Shot Hit the Post.
19:48 of 3rd period - Puck is out of play.
19:49 of 3rd period - Taylor Hall wins face-off versus Jordan Staal in Blackhawks zone.
19:55 of 3rd period - Minor Penalty to Taylor Hall for Hooking.
19:56 of 3rd period - Jordan Staal wins face-off versus Sergey Kalinin in Capitals zone.
19:56 of 3rd period - Snap shot by Johnny Gaudreau.
19:56 of 3rd period - Deflect By Jakob Silfverberg.
19:56 of 3rd period - Shot Misses the Net.
19:56 of 3rd period - Puck is out of play.
19:56 of 3rd period - Minor Penalty to Jakob Silfverberg for Goalie Interference.
19:57 of 3rd period - Jordan Staal wins face-off versus Patrick Kane in Blackhawks zone.
Goals for this period are 2 for Blackhawks vs 0 for Capitals.
Shots for this period are 12 for Blackhawks vs 12 for Capitals.